 Dungeon Crawl Stone Soup version 0.29.1-15-g9cfb28693d (webtiles) character file.

Game seed: 3885124970295382804

895 BuddhaDhamma the Cleaver (level 7, 0/57 HPs)
             Began as a Minotaur Berserker on Mar 23, 2023.
             Was a Priest of Trog.
             Slain by an orc warrior
             ... wielding a +0 morningstar
              (10 damage)
             ... on level 6 of the Dungeon.
             The game lasted 00:08:17 (5615 turns).

BuddhaDhamma the Cleaver (Minotaur Berserker)       Turns: 5615, Time: 00:08:17

Health: 0/57       AC: 13    Str: 23    XL:     7   Next: 78%
Magic:  6/6        EV:  8    Int:  4    God:    Trog [***...]
Gold:   383        SH:  0    Dex: 10    Spells: 6/6 levels left

rFire   . . .      SeeInvis .   b - +0 war axe
rCold   + . .      Faith    .   (no shield)
rNeg    . . .      Spirit   .   d - +0 chain mail
rPois   .          Reflect  .   (helmet restricted)
rElec   +          Harm     .   (no cloak)
rCorr   .          Rampage  .   y - +1 pair of gloves
Will    .....                   f - +1 pair of boots
Stlth   ..........              (no amulet)
HPRegen 0.19/turn               q - ring "Ekofecir" {rElec rC+}
MPRegen 0.10/turn               k - +4 ring of slaying

@: no status effects
A: horns 2, retaliatory headbutt
a: Renounce Religion, Berserk, Trog's Hand


You were on level 6 of the Dungeon.
You worshipped Trog.
Trog was most pleased with you.
You visited 1 branch of the dungeon, and saw 6 of its levels.

You collected 383 gold pieces.

Inventory:

Hand Weapons
 b - a +0 war axe (weapon)
Missiles
 i - 8 poisoned darts (quivered)
 p - a throwing net
Armour
 d - a +0 chain mail (worn)
 f - a +1 pair of boots (worn)
 y - a +1 pair of gloves (worn)
Jewellery
 h - a ring of fire
 k - a +4 ring of slaying (right hand)
 q - the ring "Ekofecir" (left hand) {rElec rC+}
   (You found it on level 2 of the Dungeon)

   [ring of protection from cold]

   rC:        It protects you from cold.
   rElec:     It insulates you from electricity.
 v - a ring of resist corrosion
Scrolls
 o - 2 scrolls of teleportation
 r - 3 scrolls of noise
 u - a scroll of identify
Potions
 a - a potion of lignification {unknown}
 c - 4 potions of degeneration
 e - 3 potions of curing
 g - 3 potions of heal wounds
 j - a potion of berserk rage {unknown}
 l - a potion of flight
 m - a potion of invisibility
 n - a potion of might
 s - 3 potions of cancellation
 t - 3 potions of ambrosia
 w - a potion of brilliance
 x - 2 potions of haste
 z - a potion of mutation {unknown}


   Skills:
 - Level 3.6 Fighting
 + Level 11.2 Axes
 - Level 2.4 Armour
 - Level 2.1 Dodging


You had 6 spell levels left.
You didn't know any spells.
Your spell library was empty.

Dungeon Overview and Level Annotations

Branches:
Dungeon (6/15)             Temple (0/1) D:6

Altars:
Cheibriados
Gozag
Kikubaaqudgha
Nemelex Xobeh
Sif Muna
Trog
Wu Jian


Innate Abilities, Weirdness & Mutations

You have a pair of horns on your head.
You reflexively headbutt those who attack you in melee.


Message History

The jelly barely misses you.
You hit the jelly but do no damage. The acid corrodes you!
Your hands burn!
The jelly is heavily wounded.
The jelly hits you.
You are splashed with acid.
You are too injured to fight recklessly!
You are too injured to fight recklessly!
You are too injured to fight recklessly!
You hit the jelly. The acid corrodes you!
Your hands burn!
The jelly is severely wounded.
The jelly hits you. The acid corrodes you!
You are splashed with acid!
You slash the jelly!
You kill the jelly!
Trog accepts your kill.
There is an open door here.
An orc warrior comes into view. It is wielding a +0 morningstar.
You are too injured to fight recklessly!
You are too injured to fight recklessly!
Things that are here:
a +0 club; 2 stones; a +0 dagger
Things that are here:
a +0 club; a +0 chain mail
Things that are here:
a +0 club; 2 stones; a +0 dagger The orc warrior throws a stone.
The stone barely misses you.
The orc warrior throws a stone.
The stone hits you.
An orc comes into view. It is wielding a +0 mace.
There is an open door here.
The orc shouts!
The orc warrior closely misses you. You furiously retaliate!
You headbutt the orc warrior, but do no damage.
You hit the orc warrior but do no damage.
The orc warrior hits you with a +0 morningstar!
You completely miss the orc warrior. Your headbutt misses the orc warrior.
You are no longer corroded.
The orc warrior hits you with a +0 morningstar!
* * * LOW HITPOINT WARNING * * *
You hit the orc warrior. Your headbutt misses the orc warrior.
The orc warrior is moderately wounded.
The orc warrior hits you with a +0 morningstar!
You die...

#..# #..+ #...#.##.### ##..#
#..####.###.##.... ##...#.
#.......# #.######
#...##'##....P..# #.# #...#
'...####.# #.# #.#.#
#.⌠.#..#.# #.# #.#.# #...'
#.# #.#
########.#.####.)#####.###.##
.............o.o@').[#......#
##########.......#)..#..##..#
#.####..#...#.###..#### #.+
#..###+#.........# ..# #...#
#.#.#..##.## #.####...#
#...#.......
.........####.###..#####
#..................# #
##########..#......#####


You could see an orc warrior and an orc.

Vanquished Creatures
  A black bear (D:6)
  2 scorpions
  A howler monkey (D:4)
  The ghost of nalyd1 the Sneak, a weakling KoDe (D:4)
  2 jellies (D:6)
  A gnoll bouda (D:5)
  3 hounds (D:5)
  Natasha (thrice) (D:2)
  2 orc wizards
  8 gnolls (D:5)
  9 adders
  A shadow imp (D:6)
  2 ufetubi
  3 worms
  2 dart slugs
  19 orcs
  A ball python (D:4)
  7 bats
  7 endoplasms
  4 giant cockroaches
  14 hobgoblins
  A jackal (D:1)
  3 quokkas (D:3)
  4 frilled lizards
  7 goblins
  7 kobolds
  3 rats (D:2)
118 creatures vanquished.

Vanquished Creatures (others)
  38 plants
38 creatures vanquished.

Grand Total: 156 creatures vanquished

Notes
Turn   | Place    | Note
-------+----------+-------------------------------------------
     0 | D:1      | BuddhaDhamma the Minotaur Berserker began the quest for the
                  | Orb.
     0 | D:1      | Reached XP level 1. HP: 19/19 MP: 0/0
    55 | D:1      | Found a faded altar of an unknown god.
   338 | D:1      | Reached skill level 4 in Axes
   427 | D:1      | Reached XP level 2. HP: 26/26 MP: 1/1
   895 | D:2      | Found an ornate altar of the Wu Jian Council.
   906 | D:2      | Reached skill level 5 in Axes
   970 | D:2      | Noticed Natasha
   982 | D:2      | Noticed a crimson imp
   983 | D:2      | Killed Natasha
   984 | D:2      | Reached XP level 3. HP: 23/31 MP: 2/2
  1284 | D:2      | Reached ** piety under Trog
  1315 | D:2      | Reached XP level 4. HP: 39/39 MP: 3/3
  1338 | D:2      | Reached skill level 6 in Axes
  1388 | D:2      | Noticed Natasha
  1395 | D:2      | Killed Natasha
  1617 | D:2      | Identified the ring "Ekofecir" {rElec rC+}
  1731 | D:2      | Noticed Natasha
  1743 | D:2      | Killed Natasha
  1744 | D:2      | Reached skill level 7 in Axes
  1744 | D:2      | Reached XP level 5. HP: 35/45 MP: 4/4
  2414 | D:3      | Reached *** piety under Trog
  2880 | D:4      | Found a sparkling altar of Nemelex Xobeh.
  2881 | D:4      | Found an opulent altar of Gozag.
  2987 | D:4      | Reached skill level 8 in Axes
  2987 | D:4      | Reached XP level 6. HP: 51/51 MP: 5/5
  3030 | D:4      | Found a runed translucent door.
  3041 | D:4      | Noticed nalyd1's ghost (weakling KoDe)
  3122 | D:4      | Killed nalyd1's ghost
  3254 | D:4      | Found a snail-covered altar of Cheibriados.
  3258 | D:4      | Found an ancient bone altar of Kikubaaqudgha.
  3258 | D:4      | Found a shimmering blue altar of Sif Muna.
  3262 | D:4      | Found a bloodstained altar of Trog.
  3447 | D:5      | Entered Level 5 of the Dungeon
  3456 | D:5      | Reached skill level 9 in Axes
  3600 | D:5      | Reached XP level 7. HP: 44/57 MP: 6/6
  4406 | D:5      | Reached skill level 10 in Axes
  5315 | D:6      | Reached skill level 11 in Axes
  5520 | D:6      | Found a staircase to the Ecumenical Temple.
  5615 | D:6      | Slain by an orc warrior

Illustrated notes

Levels and vault maps discovered:
D:1:      psy_arrival_terrarium, layout_loops_ring,
          hellmonk_ecumenical_altar_pennies_from_heaven, minmay_octomino_e4
D:2:      minmay_razor_zed, layout_basic, basic_altar, uniq_natasha
D:3:      layout_loops_ring, serial_bayou, serial_bayou_pond_b,
          serial_bayou_lagoon_a, serial_bayou_pond_d, serial_bayou_lagoon_b
D:4:      layout_cave_pools, grunt_temple_overflow_opulence, minitemple,
          ebering_ghost_sewer_d
D:5:      kennysheep_six_static_rooms, layout_layer_cave, minmay_holes
D:6:      corexii_shack_village, layout_loops_ring,
          minmay_temple_entry_antechambers

Skill      XL: |  1  2  3  4  5  6  7 |
---------------+----------------------+-----
Axes           | 4 5 7 8 9 11 | 11.2
Fighting       | |  3.6
Armour         | |  2.4
Dodging        | |  2.1

Action                   |  1- 3 |  4- 6 |  7- 9 || total
-------------------------+-------+-------+-------++-------
Melee: Hand axe          |    59 |   172 |       ||   231
       Headbutt          |     8 |    16 |     3 ||    27
       Punch             |     2 |     4 |     3 ||     9
       War axe           |       |       |    51 ||    51
Throw: Dart              |     2 |       |       ||     2
Invok: Berserk           |       |     3 |     1 ||     4
  Use: Scroll            |       |    16 |     4 ||    20
Armor: Chain mail        |    39 |    77 |    26 ||   142
Dodge: Dodged            |    21 |    67 |    21 ||   109
